 Dungeon Crawl Stone Soup version 0.23-b1-6-ga921848b48 (webtiles) character file.

Game seed: 6764774918778185367

179 Infinimo the Shooter (level 5, 0/45 HPs)
             Began as a Centaur Hunter on Feb 2, 2019.
             Succumbed to a water moccasin's poison
             ... on level 4 of the Dungeon.
             The game lasted 00:05:47 (4234 turns).

Infinimo the Shooter (Centaur Hunter)               Turns: 4234, Time: 00:05:48

Health: 0/45       AC:  6    Str: 14    XL:     5   Next: 33%
Magic:  5/5        EV:  9    Int: 10    God:
Gold:   107        SH:  0    Dex: 11    Spells: 4/4 levels left

rFire    . . .     SeeInvis .   e - -1 dagger (curse)
rCold    . . .     Gourm    .   (no shield)
rNeg     . . .     Faith    .   c - +1 leather armour
rPois    .         Spirit   .   (no helmet)
rElec    .         Reflect  .   k - +0 cloak
rCorr    .         Harm     .   (no gloves)
MR       .....                  (no barding)
Stlth    +.........             (no amulet)
HPRegen  0.15/turn              (no ring)
MPRegen  0.09/turn              (no ring)

@: lethally poisoned (0 -> -11), very quick
A: large, hooves 3, deformed body, speed 2, tough skin 3
a: no special abilities


You were on level 4 of the Dungeon.
You were not hungry.

You visited 1 branch of the dungeon, and saw 4 of its levels.

You collected 107 gold pieces.

Inventory:

Hand Weapons
 a - a +1 shortbow
 b - a +0 short sword
 e - a cursed -1 dagger (weapon)
Missiles
 d - 20 arrows
Armour
 c - a +1 leather armour (worn)
 k - a +0 cloak (worn)
Jewellery
 n - an uncursed ring of poison resistance {unknown}
Wands
 i - a wand of clouds (6)
Scrolls
 g - a scroll of enchant armour
 l - a scroll of teleportation
 p - 3 scrolls of identify
Comestibles
 f - 4 rations
 h - 6 chunks of flesh


   Skills:
 + Level 3.5 Fighting
 * Level 7.8 Bows
 - Level 1.3 Dodging
 - Level 0.4 Stealth


You had 4 spell levels left.
You didn't know any spells.
Your spell library was empty.

Dungeon Overview and Level Annotations

Branches:
Dungeon (4/15)
 Temple: D:4-7

Altars:


Innate Abilities, Weirdness & Mutations

You have hooves in place of feet.
Armour fits poorly on your strangely shaped body.
You cover ground very quickly.
You have extremely tough skin. (AC +3)


Message History

The water moccasin is moderately wounded.
You feel less wooden.
Your +0 cloak unmelds from your body.
Your +1 leather armour unmelds from your body.
The water moccasin bites you.
The water moccasin is moderately wounded.
The water moccasin bites you.
* * * LOW HITPOINT WARNING * * *
You are lethally poisoned!
The water moccasin poisons you!
The water moccasin is moderately wounded.
* * * LOW HITPOINT WARNING * * *
You feel sick. The water moccasin bites you!
* * * LOW HITPOINT WARNING * * *
The water moccasin is moderately wounded.
* * * LOW HITPOINT WARNING * * *
You feel sick.
You kick the water moccasin.
The water moccasin is heavily wounded.
You die...

#. #. #..##..... ...
#.##......... ....
.?.............
#...##..............#
#....................
....................
....................
......S@...##....#
............#...#
.#..............#
#.........#....####
###....##.###.....#
....###### ##....#.
...##..###.###.##....#
#...##......#.......##
.......<##..........#


You could see a water moccasin.

Vanquished Creatures
  An orc wizard (D:3)
  A hound zombie (D:3)
  5 adders
  3 worms (D:2)
  4 dart slugs
  5 leopard geckos
  6 orcs (D:3)
  5 giant cockroaches
  5 goblins
  4 hobgoblins
  3 jackals (D:3)
  3 quokkas
  A ball python (D:1)
  7 bats
  6 frilled lizards
  5 kobolds
  3 rats
67 creatures vanquished.

Notes
Turn   | Place    | Note
-------+----------+-------------------------------------------
     0 | D:1      | Infinimo the Centaur Hunter began the quest for the Orb.
     0 | D:1      | Reached XP level 1. HP: 17/17 MP: 1/1
   116 | D:1      | Reached XP level 2. HP: 14/24 MP: 2/2
   704 | D:1      | Reached skill level 6 in Bows
  1040 | D:2      | Reached XP level 3. HP: 24/30 MP: 3/3
  1744 | D:2      | Reached XP level 4. HP: 28/37 MP: 4/4
  2190 | D:3      | Reached skill level 7 in Bows
  3202 | D:3      | Reached XP level 5. HP: 37/45 MP: 5/5
  4184 | D:4      | Noticed a water moccasin
  4232 | D:4      | HP: 2/45 [water moccasin (7)]
  4234 | D:4      | Succumbed to a water moccasin's poison

Skill      XL: |  1  2  3  4 |
---------------+-------------+-----
Bows           | 6 7 |  7.8
Fighting       | 3 |  3.5
Dodging        | |  1.3
Stealth        | |  0.4

Action                   |  1- 3 |  4- 6 || total
-------------------------+-------+-------++-------
Melee: Short sword       |   123 |     9 ||   132
       Kick              |    20 |    52 ||    72
       Dagger            |       |   261 ||   261
 Fire: Shortbow          |     3 |       ||     3
  Use: Scroll            |       |     9 ||     9
       Potion            |       |     4 ||     4
  Eat: Chunk             |     2 |     4 ||     6
       Ration            |       |     1 ||     1
Armor: Leather armour    |    43 |    88 ||   131
       Skin              |       |    40 ||    40
Dodge: Dodged            |    55 |   121 ||   176
